AoeStats
← adjorno

Pilgrims

508172862Analyzed
2v2 RM · 11d ago on Sep 21, 2026· 43m 47s· 4 players
Game mode
Random Map
Map size
Medium (4 player)
Population
200
Speed
Normal
Resources
Standard
Victory
Conquest
Starting age
Dark Age
Ending age
Imperial Age
RankedLock teamsTeams togetherTeam positionsShared explorationLock speedFull tech treeHidden civsTurbo modeCheats
Victory
Defeat
🇳🇱 Huns · Netherlands
1060
+17
🇫🇷 Franks · France
987
+20
🇦🇷 Berbers · Argentina
1089
-19
🇨🇱 Britons · Chile
1071
-18
adjorno
5:32 Loom
12:17 Feudal Age
12:44 Fishing Lines
13:25 Double-Bit Axe
13:29 Town Watch
16:12 Gold Mining
16:47 Fletching
20:38 Castle Age
18:36 Horse Collar
19:26 Stone Mining
22:46 Bodkin Arrow
23:38 Pikeman
24:32 Scale Barding Armor
25:05 Heavy Plow
28:07 Husbandry
31:09 Bow Saw
34:46 Wheelbarrow
37:25 Imperial Age
36:21 Padded Archer Armor
36:37 Bloodlines
37:43 Gold Shaft Mining
37:51 Ballistics
38:02 Leather Archer Armor
39:28 Parthian Tactics
39:08 Bracer
41:06 Chemistry
41:57 Hand Cart
41:40 Heavy Cavalry Archer
42:59 Murder Holes
LeParpaing
13:09 Feudal Age
15:04 Scale Mail Armor
16:37 Wheelbarrow
19:47 Castle Age
18:54 Scale Barding Armor
22:18 Man-at-Arms
23:19 Long Swordsman
30:27 Loom
30:36 Gold Mining
30:24 Light Cavalry
31:57 Double-Bit Axe
43:50 Forging
fabyyyy1
7:25 Loom
10:53 Feudal Age
11:24 Double-Bit Axe
11:22 Fishing Lines
12:09 Horse Collar
16:06 Wheelbarrow
16:36 Stone Mining
16:57 Man-at-Arms
17:34 Town Watch
21:40 Castle Age
20:44 Fletching
21:55 Forging
21:44 Gold Mining
22:33 Bow Saw
22:05 Pikeman
23:38 Scale Mail Armor
24:31 Long Swordsman
29:18 Bodkin Arrow
30:03 Gold Shaft Mining
30:28 Iron Casting
32:22 Padded Archer Armor
36:23 Ballistics
36:28 Careening
36:16 Murder Holes
39:15 Gillnets
44:38 Imperial Age
42:41 Leather Archer Armor
42:50 Masonry
PTAR2 | Cesar556
11:37 Feudal Age
12:04 Loom
12:20 Double-Bit Axe
13:29 Fishing Lines
15:04 Forging
18:23 Castle Age
22:13 Iron Casting
21:12 Pikeman
22:36 Wheelbarrow
22:29 Fletching
23:21 Bodkin Arrow
28:48 Bow Saw
36:14 Stone Mining
41:13 Imperial Age
41:09 Squires
42:09 Padded Archer Armor
44:18 Leather Archer Armor
Connection lost

Rejoining the realm…

Still unreachable

The connection could not be restored.

Session expired

The server has moved on; the page needs a fresh start.